[Event "International chess holiday M11"]
[Site "Praha"]
[Date "2016.07.20"]
[Round "6"]
[White "Gunther, Andreas"]
[Black "Hadzala  , Daniel"]
[Result "1/2-1/2"]
[ECO "A46"]
[WhiteElo "2108"]
[BlackElo "2076"]
[Annotator "Koller,Martin"]
[PlyCount "83"]
[TimeControl "240+2"]

{279MB} 1. d4 Nf6 2. Nf3 d6 3. Nc3 Bf5 4. Bg5 Nbd7 5. Nh4 Bg4 6. h3 Bh5 7. f4
e6 8. g4 h6 9. Bxf6 Qxf6 10. Ng2 Bg6 11. e4 O-O-O 12. Qd2 Bh7 13. O-O-O g5 14.
f5 Bg7 15. Ne3 c6 16. Bg2 exf5 17. gxf5 h5 18. Qe2 Qe7 19. Qxh5 Bg6 20. Qe2 Bh5
21. Bf3 Nf6 22. Ng4 Rde8 23. Rhe1 Bxg4 24. hxg4 Nd7 25. Qd3 Rh3 26. Rh1 Reh8
27. Rxh3 Rxh3 28. Rh1 Rh4 29. Ne2 Qf6 30. c3 Qh6 31. Qd1 Rh3 32. Rxh3 Qxh3 33.
Qh1 Qxh1+ 34. Bxh1 Kc7 35. Kd2 b6 36. Bf3 c5 37. Kd3 b5 38. b3 Nb8 39. Ng3 cxd4
40. cxd4 Nc6 41. e5 Nxd4 42. f6 1/2-1/2

[Event "International chess holiday M11"]
[Site "Praha"]
[Date "2016.07.20"]
[Round "6"]
[White "Koper, Stefan"]
[Black "Lakovic, Igor"]
[Result "0-1"]
[ECO "E15"]
[WhiteElo "1925"]
[BlackElo "1966"]
[Annotator "Koller,Martin"]
[PlyCount "86"]
[TimeControl "240+2"]

{279MB} 1. d4 Nf6 2. c4 e6 3. Nf3 b6 4. g3 Ba6 5. b3 Bb4+ 6. Bd2 Be7 7. Bg2 c6
8. Nc3 d5 9. Ne5 O-O 10. cxd5 cxd5 11. O-O Nfd7 12. Nxd7 Nxd7 13. Re1 Nf6 14.
a3 Rc8 15. b4 Qd7 16. Rc1 Rc4 17. e3 Rc7 18. Ne2 Rfc8 19. Nf4 Bb5 20. Rxc7 Rxc7
21. Qb1 Qc8 22. Rc1 Bc4 23. h4 Qa6 24. Qb2 Ne8 25. e4 dxe4 26. Bxe4 Nd6 27. Bc2
Qc8 28. Nh3 Bd5 29. Qb1 h6 30. Bf4 Ba8 31. Kh2 Qb7 32. Rg1 Qf3 33. a4 Rc4 34.
Be5 Ne4 35. Bd3 Nxf2 36. Nxf2 Qxf2+ 37. Kh3 Rc3 38. Qf1 Qe3 39. Be2 Be4 40. Bd1
Bxb4 41. Qe1 Bf5+ 42. Bg4 Qf3 43. Bxf5 Qxf5+ 0-1

[Event "International chess holiday M11"]
[Site "Praha"]
[Date "2016.07.20"]
[Round "6"]
[White "Riedl, Maximilian"]
[Black "Hentzgen, Thomas"]
[Result "1-0"]
[ECO "D05"]
[WhiteElo "2022"]
[BlackElo "2061"]
[Annotator "Koller,Martin"]
[PlyCount "75"]
[TimeControl "240+2"]

{279MB} 1. d4 c5 2. e3 Nf6 3. c3 b6 4. Nf3 Bb7 5. Bd3 e6 6. O-O Be7 7. Nbd2 d5
8. Ne5 O-O 9. f4 Nc6 10. Qf3 Rc8 11. Nxc6 Bxc6 12. g4 g6 13. Rf2 Rc7 14. Rg2
Qa8 15. h4 Ne4 16. Qh3 Qd8 17. Nf3 Bf6 18. Bd2 Nxd2 19. Rxd2 cxd4 20. exd4 Qd6
21. Rf2 b5 22. Ne5 Bxe5 23. fxe5 Qe7 24. Rf6 b4 25. Bc2 bxc3 26. b3 Bb5 27. a4
Ba6 28. Kf2 Kg7 29. g5 Rb8 30. h5 Rxb3 31. hxg6 fxg6 32. Qh6+ Kg8 33. Bxg6 Rb2+
34. Kf3 c2 35. Bxh7+ Kh8 36. Bf5+ Kg8 37. Bxe6+ Qxe6 38. Rf8# 1-0

[Event "International chess holiday M11"]
[Site "Praha"]
[Date "2016.07.20"]
[Round "6"]
[White "Novak, Jindrich"]
[Black "Koller, Martin"]
[Result "0-1"]
[ECO "D04"]
[WhiteElo "2146"]
[BlackElo "1970"]
[Annotator "Koller,Martin"]
[PlyCount "95"]
[TimeControl "240+2"]

{279MB} 1. d4 Nf6 2. Nf3 g6 3. b3 Bg7 4. Bb2 O-O 5. Nbd2 d5 6. e3 a5 7. a4 Re8
8. Ne5 Nfd7 9. Ndf3 f6 10. Nxd7 Bxd7 11. Be2 Bg4 12. h3 Bxf3 13. Bxf3 c6 14.
O-O e5 15. dxe5 fxe5 16. e4 d4 17. Be2 c5 18. Bc4+ Kh8 19. Bd5 Qc7 20. h4 Nd7
21. Bc4 Nb6 22. Bb5 Rf8 23. h5 Qe7 24. hxg6 Rf4 25. g3 Rf6 26. gxh7 Raf8 27.
Qg4 Qf7 28. f3 Rg6 29. Qh3 Bh6 30. Bc1 Bf4 31. Bxf4 Qxf4 32. Kg2 Rf7 33. g4
Rxh7 34. Qg3 Qxg3+ 35. Kxg3 Rgh6 36. Rg1 Rh2 37. Rg2 R7h3+ 38. Kf2 Kg7 39. Bd3
Nc8 40. Rxh2 Rxh2+ 41. Kg3 Rd2 42. f4 exf4+ 43. Kxf4 Ne7 44. e5 Nd5+ 45. Kg5
Nb4 46. Bf5 b6 47. Rh1 Nxc2 48. Rh7+ 0-1

[Event "International chess holiday K11"]
[Site "Praha"]
[Date "2016.07.20"]
[Round "6"]
[White "Spindler, Markus"]
[Black "Palla, Ivan"]
[Result "1/2-1/2"]
[ECO "B40"]
[WhiteElo "1985"]
[BlackElo "1536"]
[Annotator "Koller,Martin"]
[PlyCount "57"]
[TimeControl "240+2"]

{279MB} 1. e4 c5 2. c3 e6 3. d4 d6 4. Nf3 Nc6 5. Be3 Nf6 6.
Nbd2 Be7 7. Be2 O-O 8. h3 a6 9. a4 Qc7 10. O-O b6 11. Qc2 Bb7 12. Rac1 Rac8 13.
Bd3 Qb8 14. Qb1 h6 15. Rfe1 cxd4 16. Nxd4 Ne5 17. f4 Nxd3 18. Qxd3 Nd7 19. b4
Bh4 20. Rf1 Bf6 21. N4f3 Rfd8 22. Rc2 a5 23. Rfc1 e5 24. f5 Be7 25. g4 axb4 26.
cxb4 Rxc2 27. Rxc2 d5 28. Qb5 d4 29. Bf2 1/2-1/2

[Event "International chess holiday K11"]
[Site "Praha"]
[Date "2016.07.20"]
[Round "6"]
[White "Vorisek, Jakub"]
[Black "Pokorny, Jan"]
[Result "1/2-1/2"]
[ECO "D02"]
[WhiteElo "1830"]
[BlackElo "1845"]
[Annotator "Koller,Martin"]
[PlyCount "23"]
[TimeControl "240+2"]

{279MB} 1. Nf3 d5 2. d4 Bg4 3. e3 Nc6 4. h3 Bxf3 5. Qxf3 e5 6. Bb5 Bd6 7. O-O
Nf6 8. c4 exd4 9. cxd5 Nxd5 10. Bxc6+ bxc6 11. exd4 O-O 12. Nc3 1/2-1/2

[Event "International chess holiday K11"]
[Site "Praha"]
[Date "2016.07.20"]
[Round "6"]
[White "Hager, Eberhard"]
[Black "Mejzr, Jan"]
[Result "1/2-1/2"]
[ECO "B42"]
[WhiteElo "1778"]
[BlackElo "1853"]
[Annotator "Koller,Martin"]
[PlyCount "65"]
[TimeControl "240+2"]

{279MB} 1. e4 c5 2. Nf3 e6 3. d4 cxd4 4. Nxd4 a6 5. Bd3 Qc7 6. O-O b5 7. Be3
Bb7 8. f3 Nf6 9. Kh1 d5 10. exd5 Nxd5 11. Bg1 Be7 12. c3 Nd7 13. Nd2 N7f6 14.
Rc1 Nf4 15. Bb1 Qe5 16. Qe1 Qh5 17. Ne4 Qe5 18. Nxf6+ Qxf6 19. Be4 Bxe4 20.
Qxe4 O-O 21. Nb3 Rad8 22. Bd4 Qg5 23. Rg1 Nh5 24. g3 Qd5 25. Qe2 Bd6 26. Rcd1
Qa8 27. Kg2 a5 28. Qxb5 e5 29. Bf2 a4 30. Nd2 Rb8 31. Qd7 Rfd8 32. Qf5 g6 33.
Qc2 1/2-1/2

[Event "International chess holiday K11"]
[Site "Praha"]
[Date "2016.07.20"]
[Round "6"]
[White "Sittinger, Lutz"]
[Black "Degenhardt, Andreas"]
[Result "1-0"]
[ECO "B13"]
[WhiteElo "1877"]
[BlackElo "1810"]
[Annotator "Koller,Martin"]
[PlyCount "89"]
[TimeControl "240+2"]

{279MB} 1. e4 c6 2. d4 d5 3. exd5 cxd5 4. Nf3 Nc6 5. c4 Nf6 6. Nc3 Bg4 7. Be3
e6 8. Be2 Bb4 9. O-O Bxc3 10. bxc3 dxc4 11. Bxc4 O-O 12. h3 Bxf3 13. Qxf3 Na5
14. Bd3 Rc8 15. Rac1 Qd5 16. Qg3 Kh8 17. Qh4 Qh5 18. Qxh5 Nxh5 19. c4 Rfd8 20.
Rfd1 Nc6 21. Be2 Nf6 22. Bf3 b6 23. a4 Na5 24. Be2 Rd7 25. c5 Nd5 26. Ba6 Rcc7
27. Bb5 Re7 28. Bg5 f6 29. Bh4 bxc5 30. Bg3 Rc8 31. Bd6 Rf7 32. dxc5 Nc7 33. c6
a6 34. Bxc7 Rfxc7 35. Bxa6 Rb8 36. Bb5 Rbc8 37. Rd6 e5 38. Rcd1 h6 39. Rd8+ Kh7
40. R1d7 Rxd8 41. Rxc7 Rd1+ 42. Kh2 Rc1 43. Ra7 Nb3 44. c7 Nd4 45. Bd7 1-0

[Event "International chess holiday K11"]
[Site "Praha"]
[Date "2016.07.20"]
[Round "6"]
[White "Veselsky, Jan"]
[Black "Koubova, Anna Marie"]
[Result "1-0"]
[ECO "A00"]
[WhiteElo "1653"]
[BlackElo "1779"]
[Annotator "Koller,Martin"]
[PlyCount "97"]
[TimeControl "240+2"]

{279MB} 1. c3 d5 2. d3 Nf6 3. Nf3 e6 4. Bg5 Be7 5. Nbd2 c5 6. e4 dxe4 7. dxe4
O-O 8. Bc4 a6 9. a4 b6 10. Qc2 Bb7 11. Rd1 Qc7 12. O-O Nc6 13. Bh4 Nh5 14. Bxe7
Qxe7 15. Be2 Nf4 16. Bc4 Rad8 17. Rfe1 Rd7 18. Bf1 Rfd8 19. g3 Nd3 20. Bxd3
Rxd3 21. Kg2 Qf6 22. Re3 c4 23. Rxd3 Rxd3 24. Ne1 Ne5 25. Nxd3 cxd3 26. Qc1
Bxe4+ 27. Nxe4 Qf3+ 28. Kg1 Qxe4 29. Qe3 Qxe3 30. fxe3 Kf8 31. Kg2 Ke7 32. b3
Kd6 33. Rd2 Kd5 34. Kf2 b5 35. axb5 axb5 36. h3 Kc5 37. e4 b4 38. c4 Kd4 39. c5
Kc3 40. Ke3 Kxb3 41. c6 Nxc6 42. Rxd3+ Kc4 43. Rd1 b3 44. Rc1+ Kb5 45. Kd2 Nb4
46. Rb1 Ka4 47. Kc3 Na2+ 48. Kc4 Nb4 49. Rxb3 1-0

[Event "International chess holiday M11"]
[Site "Praha"]
[Date "2016.07.22"]
[Round "9"]
[White "Riedl, Maximilian"]
[Black "Koller, Martin"]
[Result "1/2-1/2"]
[ECO "C42"]
[WhiteElo "2022"]
[BlackElo "1970"]
[Annotator "Koller,Martin"]
[PlyCount "143"]
[TimeControl "240+2"]

{279MB} 1. Nc3 Nf6 2. e4 e5 3. Nf3 Bb4 4. Bc4 O-O 5. O-O Nc6 6. Nd5 Nxd5 7.
Bxd5 d6 8. c3 Bc5 9. d4 exd4 10. cxd4 Bb6 11. h3 Be6 12. a4 a5 13. Bxc6 bxc6
14. Qc2 c5 15. d5 Bd7 16. e5 dxe5 17. Nxe5 f6 18. Nxd7 Qxd7 19. Rd1 Kh8 20. Be3
Qd6 21. Rac1 Rab8 22. Bxc5 Bxc5 23. Qxc5 Rxb2 24. Qxc7 Qa6 25. Qe7 Rg8 26. Rc6
Qa8 27. Rc7 Qb8 28. Qc5 Qb3 29. Qd4 Ra2 30. Rc4 h6 31. Rdc1 Qb8 32. d6 Rb2 33.
d7 Rb1 34. Rxb1 Qxb1+ 35. Kh2 Qb8+ 36. g3 Rd8 37. Qg4 Qa7 38. Rd4 Qc7 39. Qg6
Qb6 40. Qe8+ Kh7 41. Qe4+ Kg8 42. Kg2 Kf8 43. Qd5 Qc7 44. Qb5 Qa7 45. Rd5 Ke7
46. Qxa5 Qxa5 47. Rxa5 Rxd7 48. Ra8 Kd6 49. Kf3 Kc6 50. h4 Kb7 51. Ra5 Kb6 52.
Rb5+ Kc6 53. h5 Rd4 54. Ra5 Kb6 55. Ra8 Rd5 56. Rg8 Rxh5 57. Rxg7 Rf5+ 58. Ke3
Re5+ 59. Kf4 Ra5 60. Rf7 Rxa4+ 61. Kf5 h5 62. Rxf6+ Kc7 63. Kg5 h4 64. gxh4 Kd7
65. h5 Ke7 66. f4 Ra1 67. Rb6 Rg1+ 68. Kf5 Kf7 69. Rb7+ Kg8 70. h6 Kh8 71. Kf6
Rh1 72. h7 1/2-1/2

[Event "International chess holiday M11"]
[Site "Praha"]
[Date "2016.07.22"]
[Round "9"]
[White "Hartwig, Maik"]
[Black "Koper, Stefan"]
[Result "1-0"]
[ECO "A42"]
[WhiteElo "2088"]
[BlackElo "1925"]
[Annotator "Koller,Martin"]
[PlyCount "51"]
[TimeControl "240+2"]

{279MB} 1. d4 g6 2. c4 Bg7 3. Nc3 d6 4. Nf3 Nc6 5. d5 Ne5 6. Nxe5 Bxe5 7. e4
Bg7 8. Be2 e5 9. Be3 b6 10. O-O f5 11. f3 f4 12. Bf2 Nf6 13. b4 g5 14. c5 h5
15. cxd6 cxd6 16. Rc1 Bd7 17. Nb5 Bxb5 18. Bxb5+ Kf7 19. Ba6 Ne8 20. Rc3 g4 21.
fxg4 hxg4 22. Qxg4 Nf6 23. Qe6+ Kg6 24. Qf5+ Kf7 25. Rfc1 Rh5 26. Rc7+ 1-0

[Event "International chess holiday M11"]
[Site "Praha"]
[Date "2016.07.22"]
[Round "9"]
[White "Hadzala, Daniel"]
[Black "Lakovic, Igor"]
[Result "1/2-1/2"]
[ECO "A05"]
[WhiteElo "2076"]
[BlackElo "1966"]
[Annotator "Koller,Martin"]
[PlyCount "34"]
[TimeControl "240+2"]

{279MB} 1. Nf3 Nf6 2. g3 b6 3. Bg2 Bb7 4. O-O c5 5. d3 g6 6. e4 d6 7. a4 Bg7 8.
Na3 O-O 9. Re1 Nbd7 10. c3 a6 11. Qe2 Qc7 12. h3 Bc6 13. Nc2 b5 14. a5 Rab8 15.
Nh2 Rfc8 16. f4 e5 17. Ng4 Nxg4 1/2-1/2

[Event "International chess holiday M11"]
[Site "Praha"]
[Date "2016.07.22"]
[Round "9"]
[White "Hanl, Frantisek"]
[Black "Gunther, Andreas"]
[Result "1-0"]
[ECO "B01"]
[WhiteElo "2079"]
[BlackElo "2108"]
[Annotator "Koller,Martin"]
[PlyCount "99"]
[TimeControl "240+2"]

{279MB} 1. e4 d5 2. exd5 Qxd5 3. Nc3 Qa5 4. d4 Nf6 5. Nf3 c6 6. Bd2 Bf5 7. g3
e6 8. Bg2 Qa6 9. Ne5 Be7 10. g4 Bg6 11. h4 h6 12. Nxg6 fxg6 13. g5 hxg5 14.
hxg5 Rxh1+ 15. Bxh1 Nd5 16. Be4 Qc4 17. Bxg6+ Kd7 18. Nxd5 Qxd5 19. Qh5 Na6 20.
c3 Nc7 21. f4 a5 22. Qh7 Qf3 23. Be4 Qg4 24. Kf2 Rf8 25. Bf3 Rxf4 26. Bxf4 Qxf4
27. Re1 Qxg5 28. Qe4 Qh4+ 29. Ke2 Qxe4+ 30. Bxe4 Bf6 31. Kd3 Kd6 32. Bf3 b5 33.
b3 c5 34. Rh1 cxd4 35. cxd4 e5 36. dxe5+ Bxe5 37. Rc1 Nd5 38. Bxd5 Kxd5 39. Rc8
g5 40. Ra8 Bc7 41. Ra7 Kc6 42. Ra6+ Bb6 43. Ra8 Bc7 44. Rg8 Bf4 45. Kd4 b4 46.
Kc4 Kd6 47. Kb5 Ke5 48. Kxa5 Bd2 49. Kb5 Kf4 50. Kc4 neèitelné 1-0

[Event "International chess holiday K11"]
[Site "Praha"]
[Date "2016.07.22"]
[Round "9"]
[White "Koubova, Anna Marie"]
[Black "Pokorny, Jan"]
[Result "1/2-1/2"]
[ECO "D02"]
[WhiteElo "1779"]
[BlackElo "1845"]
[Annotator "Koller,Martin"]
[PlyCount "32"]
[TimeControl "240+2"]

{279MB} 1. d4 Nf6 2. g3 d5 3. Nf3 Bg4 4. Ne5 Qc8 5. Nxg4 Nxg4 6. Bg2 c6 7. c4
Nf6 8. b3 e6 9. O-O Bd6 10. Nc3 Nbd7 11. Be3 O-O 12. f3 Ba3 13. Bc1 Bxc1 14.
Rxc1 Qd8 15. e4 dxc4 16. bxc4 Qa5 1/2-1/2

[Event "International chess holiday K11"]
[Site "Praha"]
[Date "2016.07.22"]
[Round "9"]
[White "Palla, Ivan"]
[Black "Mejzr, Jan"]
[Result "0-1"]
[ECO "B42"]
[WhiteElo "1536"]
[BlackElo "1853"]
[Annotator "Koller,Martin"]
[PlyCount "61"]
[TimeControl "240+2"]

{279MB} 1. Nf3 c5 2. e4 e6 3. d4 cxd4 4. Nxd4 a6 5. Bd3 Qc7 6. O-O Nf6 7. Nc3
d6 8. Be3 Be7 9. h3 O-O 10. f4 b5 11. g4 b4 12. Nce2 Bb7 13. Ng3 d5 14. g5 Nxe4
15. Qf3 Nxg3 16. Qxg3 g6 17. Kg2 Bd6 18. Qh4 Nc6 19. Nxc6 Bxc6 20. Bd4 e5 21.
f5 exd4 22. f6 Rfe8 23. Qh6 Bf8 24. Qh4 Re3 25. Rf3 Rxf3 26. Kxf3 Qd7 27. Kg2
Bb5 28. Qxd4 Bxd3 29. Qxd3 Re8 30. Rf1 Re5 31. Qg3 0-1

[Event "International chess holiday K11"]
[Site "Praha"]
[Date "2016.07.22"]
[Round "9"]
[White "Degennhardt, Andreas"]
[Black "Hager, Eberhard"]
[Result "1-0"]
[ECO "D05"]
[WhiteElo "1810"]
[BlackElo "1778"]
[Annotator "Koller,Martin"]
[PlyCount "77"]
[TimeControl "240+2"]

{279MB} 1. d4 Nf6 2. Nf3 d5 3. Nbd2 e6 4. e3 Bd6 5. Bd3 O-O 6. b3 Nbd7 7. Bb2
Re8 8. Ne5 c5 9. O-O Qc7 10. f4 b6 11. Rf3 cxd4 12. exd4 Bb7 13. Rh3 Nf8 14.
Qe2 Qe7 15. g4 Ng6 16. Rf1 Bb4 17. c3 Bd6 18. g5 Bxe5 19. fxe5 Ne4 20. Bxe4
dxe4 21. Qh5 Nf8 22. Nc4 Ba6 23. Ba3 Bxc4 24. Bxe7 Bxf1 25. Kxf1 Rxe7 26. Qg4
Rc8 27. Qxe4 Rec7 28. c4 Rd7 29. Ke2 Rcd8 30. Rd3 Ng6 31. h4 Ne7 32. Kd2 g6 33.
Kc3 Rc8 34. Kb2 Rcd8 35. Kc3 Rc7 36. h5 gxh5 37. Qh4 Rcd7 38. Qxh5 Ng6 39. Rh3
1-0

[Event "International chess holiday K11"]
[Site "Praha"]
[Date "2016.07.22"]
[Round "9"]
[White "Sittinger, Lutz"]
[Black "Spindler, Markus"]
[Result "1/2-1/2"]
[ECO "C50"]
[WhiteElo "1877"]
[BlackElo "1985"]
[Annotator "Koller,Martin"]
[PlyCount "104"]
[TimeControl "240+2"]

{279MB} 1. e4 e5 2. Nf3 Nc6 3. Bc4 Bc5 4. O-O Nf6 5. Nc3 O-O 6. d3 h6 7. h3 d6
8. Be3 Bb6 9. Bxb6 axb6 10. a3 Be6 11. Nd5 Ra5 12. b4 Ra7 13. Nxf6+ Qxf6 14.
Bxe6 fxe6 15. c3 Qf4 16. Qd2 Qxd2 17. Nxd2 Rfa8 18. Nb1 b5 19. f3 Ne7 20. Rf2
b6 21. Rfa2 h5 22. Kf2 h4 23. Ke3 Ng6 24. Rd2 Kf7 25. c4 bxc4 26. dxc4 Ke7 27.
Rda2 Nf4 28. a4 c6 29. Nc3 g5 30. Rd1 Rd8 31. Kf2 Rdd7 32. Ne2 d5 33. Nxf4 gxf4
34. exd5 exd5 35. Re1 Kf6 36. cxd5 cxd5 37. a5 bxa5 38. bxa5 Rd6 39. Rb1 d4 40.
Ke2 Rc6 41. Rb3 Kf5 42. Kd3 Raa6 43. Rb5 Rc3+ 44. Kd2 Rg6 45. Kd1 Rd3+ 46. Ke1
Rc3 47. Kd1 Ra6 48. Kd2 Rcc6 49. Kd3 Rc3+ 50. Kd2 Ke6 51. Rab2 Rcc6 52. Rb6 Kd6
1/2-1/2

[Event "International chess holiday M21"]
[Site "Praha"]
[Date "2016.07.24"]
[Round "1"]
[White "Thomasson, Staffan"]
[Black "Vetrovsky, Michal"]
[Result "0-1"]
[ECO "E07"]
[WhiteElo "1954"]
[BlackElo "2165"]
[Annotator "Koller,Martin"]
[PlyCount "78"]
[TimeControl "240+2"]

{279MB} 1. c4 e6 2. g3 d5 3. Bg2 Nf6 4. Nf3 Nbd7 5. O-O c6 6. d4 Be7 7. b3 O-O
8. Nc3 b6 9. cxd5 cxd5 10. Qd3 Bb7 11. Bf4 a6 12. Rac1 Ba3 13. Rc2 Qe7 14. Nb1
Bd6 15. Ne5 Rfc8 16. Rfc1 Rxc2 17. Rxc2 Bxe5 18. dxe5 Ne8 19. Qd4 a5 20. Nc3
Rc8 21. Rd2 Qc5 22. Na4 Qxd4 23. Rxd4 f6 24. Bh3 Kf7 25. exf6 Nexf6 26. Rd2 g5
27. Be3 g4 28. Bf1 Rc6 29. f3 h5 30. Rb2 b5 31. Bd2 bxa4 32. bxa4 Ba6 33. Bxa5
gxf3 34. exf3 Rc1 35. Rf2 Ne5 36. f4 Ne4 37. Kg2 Bxf1+ 38. Rxf1 Rc2+ 39. Kh3
Ng4 0-1

[Event "International chess holiday M21"]
[Site "Praha"]
[Date "2016.07.24"]
[Round "1"]
[White "Andersson, Stefan"]
[Black "CM Wulf von Moers, Jens"]
[Result "1-0"]
[ECO "E11"]
[WhiteElo "1986"]
[BlackElo "2180"]
[Annotator "Koller,Martin"]
[PlyCount "93"]
[TimeControl "240+2"]

{279MB} 1. d4 Nf6 2. c4 e6 3. Nf3 Bb4+ 4. Bd2 Qe7 5. e3 O-O 6. Bd3 Nc6 7. a3
Bxd2+ 8. Nbxd2 a5 9. O-O d6 10. Qc2 Bd7 11. Rac1 e5 12. d5 Nb8 13. h3 Na6 14.
Bf5 Be8 15. Nh2 g6 16. Bg4 Nxg4 17. hxg4 f5 18. gxf5 gxf5 19. f4 Bd7 20. fxe5
Qxe5 21. Rce1 Rae8 22. Ndf3 Qe4 23. Qc3 b6 24. b4 axb4 25. axb4 Bc8 26. Nd4 Qe5
27. Nhf3 Qg7 28. Qd2 Kh8 29. Nh4 Qg4 30. Rf4 Qg5 31. Ref1 Rg8 32. Ndxf5 Bxf5
33. Nxf5 Nb8 34. c5 bxc5 35. bxc5 Rg6 36. cxd6 cxd6 37. R1f2 Nd7 38. Qd4+ Ne5
39. Nh4 Rg7 40. Nf5 Rg6 41. Rh4 Rf8 42. Rhf4 Re8 43. Qb6 Kg8 44. Qc7 Qd8 45.
Qxd8 Rxd8 46. Ne7+ Kg7 47. Nxg6 neèitelné 1-0

[Event "International chess holiday M21"]
[Site "Praha"]
[Date "2016.07.24"]
[Round "1"]
[White "Houska, Jiri"]
[Black "Morling, Joakim"]
[Result "1-0"]
[ECO "D55"]
[WhiteElo "2206"]
[BlackElo "2066"]
[Annotator "Koller,Martin"]
[PlyCount "73"]
[TimeControl "240+2"]

{279MB} 1. d4 d5 2. c4 e6 3. Nc3 Nf6 4. Bg5 Be7 5. e3 h6 6. Bxf6 Bxf6 7. Nf3
O-O 8. Qc2 b6 9. cxd5 exd5 10. Be2 Be6 11. b4 a5 12. b5 c5 13. bxc6 Nxc6 14.
O-O Be7 15. Rfc1 Ba3 16. Rd1 Ne7 17. Qb3 Bb4 18. Nb5 Nc8 19. Ne5 Bd6 20. Rac1
Re8 21. a4 f6 22. Nd3 Bb8 23. Bf3 Ne7 24. Rc3 Ng6 25. g3 Ne7 26. Rdc1 g5 27.
Bh5 Bf7 28. Bxf7+ Kxf7 29. Nc7 Bxc7 30. Rxc7 Qd6 31. e4 Rec8 32. e5 Qxc7 33.
Rxc7 Rxc7 34. exf6 Kxf6 35. Ne5 Kg7 36. Qxb6 Rac8 37. Qe6 neèitelné 1-0

[Event "International chess holiday M21"]
[Site "Praha"]
[Date "2016.07.24"]
[Round "1"]
[White "Kasparov, Sergey"]
[Black "Simecek, Bohumil"]
[Result "1-0"]
[ECO "C06"]
[WhiteElo "2471"]
[BlackElo "2123"]
[Annotator "Koller,Martin"]
[PlyCount "103"]
[TimeControl "240+2"]

{279MB} 1. e4 e6 2. d4 d5 3. Nd2 Nf6 4. e5 Nfd7 5. Bd3 c5 6. c3 b6 7. Ne2 Ba6
8. Bc2 Be7 9. O-O Nc6 10. Nf3 h6 11. Be3 Qc7 12. a3 O-O-O 13. b4 c4 14. Ne1 Kb8
15. f4 g6 16. Nf3 Rdg8 17. a4 Bc8 18. b5 Na5 19. Bc1 Nf8 20. Ba3 Bxa3 21. Rxa3
Bd7 22. Ra2 Be8 23. Rf2 Qe7 24. Ng3 Bd7 25. Nf1 Bc8 26. Ne3 h5 27. g3 Bd7 28.
Rf1 Bc8 29. Qc1 Bd7 30. Qa3 Qxa3 31. Rxa3 Bc8 32. h3 Bd7 33. Kg2 Kc8 34. Raa1
Kd8 35. Rab1 Bc8 36. g4 hxg4 37. hxg4 Rh6 38. Rh1 Rgh8 39. Rxh6 Rxh6 40. Kg3
Ke7 41. f5 gxf5 42. gxf5 Bd7 43. Kf2 Rh5 44. Rg1 Nb7 45. Rg7 Nd8 46. Kg2 Ke8
47. Ng4 Ke7 48. Nf6 Rh8 49. Ng5 Bc8 50. Bd1 Nd7 51. Ng8+ Rxg8 52. f6+ 1-0

[Event "International chess holiday M21"]
[Site "Praha"]
[Date "2016.07.24"]
[Round "1"]
[White "Matras, Ondrej"]
[Black "Hanl, Frantisek"]
[Result "1/2-1/2"]
[ECO "A59"]
[WhiteElo "2275"]
[BlackElo "2079"]
[Annotator "Koller,Martin"]
[PlyCount "64"]
[TimeControl "240+2"]

{279MB} 1. d4 c5 2. d5 Nf6 3. c4 b5 4. cxb5 a6 5. bxa6 Bxa6 6. Nc3 g6 7. Nf3
Bg7 8. e4 Bxf1 9. Kxf1 d6 10. g3 O-O 11. Kg2 Nbd7 12. h3 Qb6 13. Re1 Rfb8 14.
Re2 Qa6 15. a4 Rb4 16. Ra3 Ne8 17. a5 Nc7 18. Bg5 h6 19. Bc1 Nb5 20. Nxb5 Rxb5
21. Rc2 Rxa5 22. Rxa5 Qxa5 23. b3 Qb4 24. Rc4 Qb5 25. Ra4 Qb7 26. Qc2 Rb8 27.
Nd2 Nb6 28. Ra2 Ra8 29. Rxa8+ Qxa8 30. Nc4 Nxc4 31. bxc4 Qa1 32. Be3 Kh7
1/2-1/2

[Event "International chess holiday K21"]
[Site "Praha"]
[Date "2016.07.24"]
[Round "1"]
[White "Hadzala, Daniel"]
[Black "Hammerman, Christian"]
[Result "1-0"]
[ECO "A24"]
[WhiteElo "2076"]
[BlackElo "1797"]
[Annotator "Koller,Martin"]
[PlyCount "47"]
[TimeControl "240+2"]

{279MB} 1. Nf3 Nf6 2. g3 g6 3. Bg2 Bg7 4. O-O d6 5. c4 O-O 6. Nc3 e5 7. d3 Nbd7
8. Rb1 Nh5 9. b4 f5 10. Qb3 Kh8 11. Bb2 f4 12. Nd2 Ndf6 13. Nde4 fxg3 14. hxg3
Ng4 15. c5 Nhf6 16. cxd6 cxd6 17. Bc1 Nxe4 18. Nxe4 Bf5 19. Qd5 Bxe4 20. Qxe4
Qd7 21. Bh3 Nxf2 22. Bxd7 Nxe4 23. Rxf8+ Rxf8 24. dxe4 1-0

[Event "International chess holiday K21"]
[Site "Praha"]
[Date "2016.07.24"]
[Round "1"]
[White "Wolf, Ulrich"]
[Black "Korsa, Jiri"]
[Result "1-0"]
[ECO "A15"]
[WhiteElo "2077"]
[BlackElo "1829"]
[Annotator "Koller,Martin"]
[PlyCount "47"]
[TimeControl "240+2"]

{279MB} 1. Nf3 Nf6 2. c4 g6 3. b3 Bg7 4. Bb2 O-O 5. g3 d6 6. d3 e5 7. Qc2 Nc6
8. a3 Bf5 9. e4 Bg4 10. Bg2 Qc8 11. O-O Bh3 12. b4 Nh5 13. b5 Bxg2 14. Kxg2 Nd4
15. Bxd4 exd4 16. h3 c6 17. bxc6 Qxc6 18. Nbd2 f5 19. Qb3 Kh8 20. Rab1 Rf7 21.
Ng5 Rf6 22. Qxb7 Qxb7 23. Rxb7 Bh6 24. Rxh7+ 1-0

[Event "International chess holiday K21"]
[Site "Praha"]
[Date "2016.07.24"]
[Round "1"]
[White "Kasparova, Tatiana"]
[Black "Luckian, Mario"]
[Result "1-0"]
[ECO "B05"]
[WhiteElo "2141"]
[BlackElo "1753"]
[Annotator "Koller,Martin"]
[PlyCount "117"]
[TimeControl "240+2"]

{279MB} 1. e4 Nf6 2. e5 Nd5 3. d4 d6 4. Nf3 Bg4 5. Be2 e6 6. O-O Be7 7. c4 Nb6
8. Nc3 O-O 9. exd6 cxd6 10. b3 N8d7 11. h3 Bh5 12. Be3 Rc8 13. Qd2 Nf6 14. Rfd1
d5 15. c5 Nbd7 16. Bf4 Ne4 17. Nxe4 dxe4 18. Ne5 Bxe2 19. Qxe2 Nxe5 20. Bxe5 f6
21. Bg3 f5 22. Be5 Bf6 23. b4 Qd5 24. Bd6 Rf7 25. Qe3 g5 26. Qb3 Be7 27. Be5
Bf6 28. Qg3 h6 29. Bxf6 Rxf6 30. Qe5 Rf7 31. a4 Rd8 32. b5 g4 33. hxg4 fxg4 34.
a5 Rdf8 35. Qxd5 exd5 36. Rd2 h5 37. a6 bxa6 38. Rxa6 Kg7 39. Rda2 g3 40. fxg3
Rf1+ 41. Kh2 Rb1 42. Rxa7+ Kg8 43. g4 h4 44. Rd7 e3 45. Re7 e2 46. Rexe2 Rff1
47. g3 Rh1+ 48. Kg2 Rbf1 49. Rf2 Rfg1+ 50. Kf3 Rxg3+ 51. Ke2 Rb1 52. b6 Rxg4
53. Kf3 Rxd4 54. Rab2 Rd3+ 55. Kf4 Rd4+ 56. Kf5 Rb4 57. Rxb1 Rxb1 58. Ke5 h3
59. Kxd5 1-0

[Event "International chess holiday K21"]
[Site "Praha"]
[Date "2016.07.24"]
[Round "1"]
[White "Pøibyl, Jaroslav"]
[Black "Kast, Joannis"]
[Result "1-0"]
[ECO "D00"]
[WhiteElo "1920"]
[BlackElo "1995"]
[Annotator "Koller,Martin"]
[PlyCount "49"]
[TimeControl "240+2"]

{279MB} 1. d4 d5 2. Nc3 e6 3. e4 dxe4 4. f3 exf3 5. Nxf3 Nf6 6. Bg5 Be7 7. Bd3
Nbd7 8. O-O c5 9. Ne2 a6 10. c3 b5 11. Qe1 Qc7 12. Ng3 h6 13. Bd2 Bd6 14. Nf5
Kf8 15. Nxd6 Qxd6 16. Be4 Rb8 17. Rd1 Nxe4 18. Qxe4 Bb7 19. Bf4 Qe7 20. Qe3 c4
21. Bxb8 Bxf3 22. Qxf3 Nxb8 23. Qa8 Qc7 24. d5 exd5 25. Qxd5 1-0

[Event "International chess holiday K21"]
[Site "Praha"]
[Date "2016.07.24"]
[Round "1"]
[White "Mena, Daniel"]
[Black "Sniegon, Adam"]
[Result "0-1"]
[ECO "B13"]
[WhiteElo "1784"]
[BlackElo "1714"]
[Annotator "Koller,Martin"]
[PlyCount "80"]
[TimeControl "240+2"]

{279MB} 1. e4 c6 2. Nf3 d5 3. exd5 cxd5 4. d4 Nf6 5. Nc3 Nc6 6. Bb5 a6 7. Ba4
Bg4 8. O-O b5 9. Bb3 Bxf3 10. Qxf3 Nxd4 11. Qd3 Nxb3 12. axb3 e6 13. Rxa6 b4
14. Rxa8 Qxa8 15. Qb5+ Nd7 16. Na4 Qb8 17. Qd3 Bd6 18. h3 O-O 19. Bd2 Rc8 20.
Rc1 Nf6 21. Be3 Bf4 22. Qd4 Ne4 23. c4 bxc3 24. bxc3 Bxe3 25. fxe3 Qxb3 26. Qa7
Qb8 27. Qd4 Rc4 28. Qd1 Qa7 29. Ra1 Qxe3+ 30. Kh2 Qg3+ 31. Kg1 Qf2+ 32. Kh2 h6
33. Rb1 Qf4+ 34. Kg1 Nxc3 35. Nxc3 Rxc3 36. Ra1 Qe3+ 37. Kh2 Rd3 38. Qb1 Qe4
39. Qb2 Re3 40. Ra2 Qf4+ 0-1